 Dungeon Crawl Stone Soup version 0.32-a0-685-g93135e86f0 (webtiles) character file.

Game seed: 14566381884616033948

43 IdlyInterested the Slasher (level 3, 0/27 HPs)
             Began as a Demonspawn Gladiator on Mar 12, 2024.
             Succumbed to a kobold's poison
             ... on level 2 of the Dungeon.
             The game lasted 00:02:37 (855 turns).

IdlyInterested the Slasher (Demonspawn Gladiator)    Turns: 855, Time: 00:02:38

Health: 0/27       AC:  8    Str: 14    XL:     3   Next: 37%
Magic:  3/3        EV:  9    Int:  8    God:
Gold:   53         SH:  8    Dex: 16    Spells: 2/2 levels left

rFire   . . .        a - +0 long sword
rCold   . . .        p - +0 kite shield
rNeg    . . .        m - +0 ring mail
rPois   .            c - +0 helmet
rElec   .            (no cloak)
rCorr   .            (no gloves)
SInv    .            (no boots)
Will    .....        (no amulet)
Stlth   +            (no ring)
HPRegen 0.24/turn    (no ring)
MPRegen 0.08/turn

%: no passive effects
@: lethally poisoned (0 -> -7)
A: molten scales 1, powered by pain 1
a: no special abilities


You were on level 2 of the Dungeon.
You visited 1 branch of the dungeon, and saw 2 of its levels.

You collected 53 gold pieces.

Inventory:

Hand Weapons
 a - a +0 long sword (weapon)
 g - a +1 vampiric whip
 i - a +0 short sword
 k - a +0 spear
Missiles
 d - 3 throwing nets (quivered)
 e - a javelin
 j - a stone
 l - 3 curare-tipped darts
Armour
 b - a +0 leather armour
 c - a +0 helmet (worn)
 m - a +0 ring mail (worn)
 n - a +0 chain mail
 p - a +0 kite shield (worn)
Scrolls
 f - a scroll of enchant armour {unknown}
 h - a scroll of fear {unknown}
 o - a scroll of teleportation {unknown}


   Skills:
 - Level 2.0 Fighting
 * Level 3.6 Long Blades
 - Level 1.7 Throwing
 - Level 1.0 Armour
 - Level 2.6 Dodging
 + Level 0.9 Stealth


You had 2 spell levels left.
You didn't know any spells.
Your spell library was empty.

Dungeon Overview and Level Annotations

Branches:
Dungeon (2/15)

Altars:


Innate Abilities, Weirdness & Mutations

You are partially covered in molten scales. (AC +2)
You sometimes gain a little power by taking damage.


Message History

The adder bites you but does no damage.
The kobold hits you with a +0 dagger of venom.
You are poisoned.
The adder bites you.
You are more poisoned.
The adder poisons you!
You feel very sick. The adder attacks as it pursues you! The adder bites you.
You are more poisoned.
The adder poisons you! You block the kobold's attack.
You feel very sick. The adder attacks as it pursues you!
The adder barely misses you.
You feel very sick. The adder attacks as it pursues you! The adder bites you.
The adder barely misses you.
You feel sick.
* * * LOW HITPOINT WARNING * * *
You feel sick.
* * * LOW HITPOINT WARNING * * *
You feel sick. The adder attacks as it pursues you!
You block the adder's attack.
You aren't carrying any potions.
You closely miss the adder.
The adder is heavily wounded.
You feel sick. The adder barely misses you.
The adder bites you but does no damage.
You slash the adder!
You kill the adder!
* * * LOW HITPOINT WARNING * * *
You feel sick.
You closely miss the kobold.
You feel sick. The kobold barely misses you. You block the kobold's attack.
You closely miss the kobold.
You feel sick.
You are no longer poisoned.
The kobold hits you but does no damage.
You miss the kobold. The kobold barely misses you.
The kobold hits you but does no damage.
You are lethally poisoned!
You hit the kobold but do no damage.
You die...

## .# ##.# ...# #.#
#..# ###.####### #..
.......@K.# #.#
###.#####.###.# #.#
#.....# #.# ##..#..#
#.####...#......K.
######......#####......
#.............# ......
#.####........# ##..$#
#.# #.####.....# #.##


You could see a kobold.

Vanquished Creatures
  2 adders (D:2)
  A ball python (D:2)
  3 bats (D:1)
  4 endoplasms
  2 giant cockroaches (D:1)
  2 goblins (D:1)
  4 hobgoblins
  A frilled lizard (D:1)
  2 kobolds (D:1)
  A rat (D:1)
22 creatures vanquished.

Notes
Turn   | Place    | Note
-------+----------+-------------------------------------------
     0 | D:1      | IdlyInterested the Demonspawn Gladiator began the quest for
                  | the Orb.
     0 | D:1      | Reached XP level 1. HP: 16/16 MP: 1/1
    96 | D:1      | Reached skill level 3 in Long Blades
   128 | D:1      | Gained mutation: You are partially covered in molten
                  | scales. (AC +2) [demonic ancestry]
   128 | D:1      | Reached XP level 2. HP: 9/22 MP: 2/2
   438 | D:1      | Reached skill level 1 in Armour
   800 | D:2      | Gained mutation: You sometimes gain a little power by
                  | taking damage. [demonic ancestry]
   800 | D:2      | Reached XP level 3. HP: 25/27 MP: 3/3
   855 | D:2      | Succumbed to a kobold's poison

Illustrated notes

Levels and vault maps discovered:
D:1:      minmay_arrival_shoal_huts, layout_loops_cross
D:2:      layout_loops_ring, minmay_misc_feat_encased

Skill      XL: |  1  2 |
---------------+-------+-----
Long Blades    | 3 |  3.6
Armour         | 1 |  1.0
Fighting       | |  2.0
Throwing       | |  1.7
Dodging        | |  2.6
Stealth        | |  0.9

Action                     || total
---------------------------++-------
  Melee: Long sword        ||    84
 Armour: Leather armour    ||    43
         Ring mail         ||    20
  Dodge: Dodged            ||    58
  Block: Kite shield       ||     5

Table legend: (Time is in decaauts)
 A = Elapsed time spent in this place.
 B = Non-inter-level travel time spent in this place.
 C = Inter-level travel time spent in this place.
 D = Time resting spent in this place.
 E = Time spent auto-exploring this place.
 F = Levels seen in this place.
 G = Mean time per level.
                   A        B        C        D        E       F      G
               +--------+--------+--------+--------+--------+-----+--------+
         Total |    879 |    781 |     98 |     83 |    447 |   2 |  439.5 |
       Dungeon |    879 |    781 |     98 |     83 |    447 |   2 |  439.5 |
               +--------+--------+--------+--------+--------+-----+--------+

Top non-repeatable levels by time:
     D:1: 780 daAuts
     D:2: 99 daAuts
